Map: [ESL] Ancient Cistern

Players

BattleB

  • Race: Terran Terran
  • Spawn Location: 1:00

AqueroN - Winner!

  • Race: Terran Terran
  • Spawn Location: 7:00

Event: ESL SC2 Masters 2023 Summer (Regionals)

VOD

Have the link to the VOD?

Description

Time

  • Played on: May 13, 2023, 10:16 a.m.
  • Length: 8:03

All games in this series

Show
View Real Time Build Order
Export as new Build Order

BattleB Terran 

Build Orders:  

Get SALT Encoding   

  12  0:01  SCV  
  13  0:13  SCV  
  14  0:17  Supply Depot  
  14  0:25  SCV  
  15  0:38  SCV  
  15  0:40  Barracks  
  16  0:44  Refinery  
  16  0:50  SCV  
  16  0:54  Refinery  
  17  1:02  SCV  
  18  1:14  SCV  
  19  1:27  Orbital Command, Reaper  
  19  1:30  Supply Depot  
  20  1:41  Factory  
  20  1:53  SCV  
  21  1:59  Reaper  
  22  2:05  SCV  
  23  2:14  Command Center  
  23  2:17  SCV  
  24  2:25  Hellion  
  24  2:29  SCV  
  27  2:31  Reaper  
  28  2:38  Supply Depot  
  28  2:41  SCV  
  29  2:47  Widow Mine  
  29  2:49  Starport  
  31  3:00  SCV  
  31  3:03  Barracks Reactor  
  32  3:08  Factory Tech Lab  
  32  3:12  SCV  
  33  3:20  Refinery  
  33  3:24  SCV  
  33  3:25  Starport Tech Lab  
  33  3:26  Orbital Command  
  34  3:27  Cyclone  
  37  3:36  SCV  
  37  3:41  Marine x2  
  38  3:47  Raven  
  43  3:48  SCV  
  43  3:50  Supply Depot  
  43  3:53  SCV  
  42  3:59  Marine x2  
  42  4:00  SCV  
  45  4:04  Siege Tank  
  45  4:05  SCV  
  49  4:12  SCV  
  49  4:14  Supply Depot  
  51  4:17  SCV  
  51  4:21  Raven  
  53  4:25  SCV  
  53  4:29  SCV  
  55  4:33  Command Center  
  54  4:41  SCV x2  
  54  4:42  Siege Tank  
  54  4:45  Marine x2  
  58  4:49  Supply Depot  
  58  4:53  SCV x2  
  60  5:05  SCV x2  
  62  5:11  Stimpack, Marine, Viking x2  
  67  5:19  SCV x2  
  67  5:20  Supply Depot  
  69  5:22  Refinery  
  69  5:29  Supply Depot  
  69  5:33  SCV  
  69  5:34  Barracks  
  70  5:37  Barracks  
  70  5:39  SCV  
  70  5:42  Marine, Siege Tank  
  74  5:47  SCV  
  74  5:48  Viking  
  77  5:51  SCV  
  77  5:52  Viking  
  80  5:59  Engineering Bay  
  80  6:00  Engineering Bay  
  80  6:01  SCV  
  80  6:03  SCV  
  82  6:05  Orbital Command  
  82  6:08  Marine  
  83  6:12  Supply Depot  
  83  6:15  Siege Tank  
  83  6:17  SCV  
  83  6:18  SCV  
  88  6:25  Barracks Reactor x2  
  88  6:29  SCV  
  88  6:30  SCV, Viking  
  92  6:33  Viking  
  92  6:37  SCV  
  92  6:38  Marine  
  96  6:41  SCV  
  96  6:47  Siege Tank  
  96  6:50  Orbital Command  
  95  6:56  SCV  
  95  6:57  SCV  
  95  7:00  Marine  
  88  7:09  SCV x2  
  88  7:10  Marine x3  
  88  7:11  Marine  
  88  7:17  Marine  
  88  7:19  Siege Tank  
  85  7:28  Marine x2  
  76  7:49  Barracks  
  76  7:50  Barracks  
  76  7:55  Barracks x2  
Show
View Real Time Build Order
Export as new Build Order

AqueroN Terran - Winner!

Build Orders:  

Get SALT Encoding   

  12  0:00  SCV  
  13  0:12  SCV  
  14  0:17  Supply Depot  
  14  0:24  SCV  
  15  0:39  SCV  
  15  0:40  Barracks  
  16  0:44  Refinery  
  16  0:51  SCV  
  16  0:52  Refinery  
  17  1:03  SCV  
  18  1:15  SCV  
  19  1:27  Orbital Command, Reaper  
  19  1:30  Supply Depot  
  20  1:41  Factory  
  20  1:53  SCV  
  21  2:00  Reaper  
  22  2:05  SCV  
  23  2:14  Command Center  
  23  2:17  SCV  
  24  2:25  Hellion  
  24  2:29  SCV  
  27  2:32  Barracks Reactor  
  27  2:35  Supply Depot  
  27  2:42  SCV  
  28  2:44  Starport  
  30  2:52  Widow Mine  
  30  2:54  SCV  
  31  3:06  SCV  
  31  3:09  Marine x2  
  34  3:13  Factory Tech Lab  
  34  3:14  Refinery  
  34  3:18  SCV  
  35  3:26  Marine  
  35  3:27  Orbital Command, Marine  
  35  3:28  Medivac  
  39  3:34  Siege Tank  
  39  3:36  SCV  
  43  3:44  Marine x2  
  45  3:48  SCV  
  45  3:52  Supply Depot  
  46  3:57  SCV  
  46  4:00  SCV, Starport Tech Lab  
  48  4:03  Marine x2  
  48  4:09  SCV  
  51  4:10  Cyclone  
  51  4:15  SCV  
  51  4:16  Supply Depot  
  55  4:21  Raven, SCV  
  58  4:25  Marine  
  58  4:26  Marine  
  58  4:28  SCV  
  61  4:36  SCV  
  62  4:45  Marine, Siege Tank  
  62  4:46  Marine  
  62  4:50  Supply Depot  
  64  4:58  Raven, Command Center  
  66  5:00  SCV x2  
  68  5:08  Marine x2  
  68  5:13  SCV x2  
  72  5:16  Supply Depot  
  72  5:17  Siege Tank  
  75  5:25  SCV  
  75  5:26  Barracks x2  
  75  5:27  SCV  
  77  5:34  Supply Depot  
  77  5:35  Supply Depot  
  77  5:43  SCV, Starport Reactor  
  77  5:44  Engineering Bay  
  77  5:45  Engineering Bay  
  77  5:46  SCV  
  79  5:56  SCV, Siege Tank, Marine x2  
  85  5:58  SCV  
  86  6:10  SCV  
  88  6:14  SCV, Marine x2  
  90  6:19  Supply Depot  
  90  6:27  SCV x2  
  90  6:29  Starport Reactor  
  92  6:37  Orbital Command  
  92  6:41  SCV  
  92  6:42  SCV  
  92  6:43  Siege Tank  
  92  6:47  Marine x5  
  97  6:51  Bunker  
  100  7:04  Marine  
  100  7:05  Marine x3  
  100  7:06  Marine  
  99  7:15  Siege Tank  
  70  7:16  Liberator x2  
  70  7:22  Marine x2  
  68  7:23  Marine  
  68  7:27  Marine  
Tags
 
Add a new tag
Caveats
  • Supply blocks, unpowered buildings, or Contaminate may cause inaccurate times.
  • Supply counts are checked every 10 seconds.